 Dungeon Crawl Stone Soup version 0.18-a0-1789-gbeff17f (webtiles) character file.

96 Zhenya25pyc the Covered (level 4, 0/29 HPs)
             Began as a Gargoyle Fighter on Apr 21, 2016.
             Was an Initiate of Okawaru.
             Slain by a gnoll
             ... wielding a +0 spear
              (4 damage)
             ... on level 2 of the Dungeon.
             The game lasted 00:02:34 (1791 turns).

Zhenya25pyc the Covered (Gargoyle Fighter)          Turns: 1791, Time: 00:02:35

Health: 0/29       AC: 10    Str: 20    XL:     4   Next: 67%
Magic:  4/4        EV:  7    Int:  9    God:    Okawaru [......]
Gold:   64         SH:  9    Dex:  9    Spells: 0 memorised, 3 levels left

rFire  . . .     SeeInvis .     a - +0 flail
rCold  . . .     Gourm    .     b - +0 scale mail
rNeg   + . .     Faith    .     c - +0 shield
rPois  ∞         Spirit   .     (no helmet)
rElec  +         Dismiss  .     (no cloak)
rCorr  .         Reflect  .     (no gloves)
SustAt .         Harm     .     (no boots)
MR     .....                    j - amulet of rage
Stlth  ..........               (no ring)
                                (no ring)

@: not resistant to hostile enchantments, extremely unstealthy
A: negative energy resistance 1, electricity resistance, unbreathing,
petrification resistance, rot immunity, AC +3
a: Renounce Religion, Evoke Berserk Rage


You were on level 2 of the Dungeon.
You worshipped Okawaru.
Okawaru was noncommittal.
You were not hungry.

You visited 1 branch of the dungeon, and saw 2 of its levels.

You collected 64 gold pieces.

Inventory:

Hand Weapons
 a - a +0 flail (weapon)
Armour
 b - a +0 scale mail (worn)
 c - a +0 shield (worn)
Jewellery
 j - an amulet of rage (around neck)
Wands
 i - a wand of slowing (26/48)
Scrolls
 g - a scroll of magic mapping {unknown}
 l - a scroll of identify {unknown}
Potions
 d - 4 potions of might
 e - 3 potions of curing {unknown}
 h - a potion of berserk rage {unknown}
Comestibles
 f - 3 bread rations
 k - a beef jerky
 m - a chunk of flesh


   Skills:
 + Level 3.9 Fighting
 * Level 3.5 Maces & Flails
 + Level 4.2 Armour
 - Level 3.2 Shields


You had 3 spell levels left.
You didn't know any spells.

Dungeon Overview and Level Annotations

Branches:
Dungeon (2/15)

Altars:
Okawaru


Innate Abilities, Weirdness & Mutations

You are resistant to torment.
Your stone body is resilient (AC +3).
You are immune to poison.
You resist negative energy.
You are resistant to electric shocks.
You can survive without breathing.
You are immune to petrification.
You are immune to rotting.


Message History

Things that are here:
a whip; a rat corpse; a gnoll corpse You hit the gnoll but do no damage.
The gnoll hits you but does no damage. x3
You barely miss the gnoll. The gnoll hits you with a spear.
The gnoll hits you from afar with a spear.
* * * LOW HITPOINT WARNING * * *
Your shield and scale mail prevent you from hitting the gnoll.
The gnoll hits you but does no damage. You block the gnoll's attack.
You closely miss the gnoll. The gnoll hits you but does no damage.
The gnoll closely misses you.
The gnoll hits you but does no damage. x2
You completely miss the gnoll. You block the gnoll's attack.
The gnoll hits you but does no damage.
The gnoll hits you from afar with a spear.
* * * LOW HITPOINT WARNING * * *
The gnoll barely misses you. You block the gnoll's attack.
Things that are here:
a whip; a rat corpse; a gnoll corpse You closely miss the gnoll.
You block the gnoll's attack.
The gnoll hits you from afar with a spear.
You die...

####.####.####.#### #.#
#.......#.# #.#######
###.# #.##.##†#..
..#.....# #...#
......#.### #.#.....#
#.### ......#.# ......#
#.# ......#.# #.....#
#.# #>#####.#
#.....#####.####
#.......# # #.#
#.......# #########.#.#
#@# #..#.##.# .#
#....g##g# #..#.##.# <#
#..g.rg######..#..#.#
.#
#.....(#.........##.#.#
.#
#.#.##.#.#####...##)#.#
.# # #.#....##<.......#
##
#......##.........###
#######
####.#.......######
#.....# #.#########


You could see 2 gnolls and a rat.

Vanquished Creatures
  4 adders (D:2)
  A gnoll (D:2)
  An ooze (D:1)
  2 dart slugs (D:2)
  4 giant geckos
  3 giant cockroaches
  2 hobgoblins
  4 jackals (D:1)
  6 kobolds
  A ball python (D:1)
  3 bats
  2 giant newts (D:1)
  3 goblins
  6 rats
42 creatures vanquished.

Notes
Turn   | Place    | Note
--------------------------------------------------------------
     0 | D:1      | Zhenya25pyc the Gargoyle Fighter began the quest for the Orb.
     0 | D:1      | Reached XP level 1. HP: 14/14 MP: 1/1
   387 | D:1      | Reached XP level 2. HP: 18/19 MP: 2/2
   451 | D:1      | Found an iron altar of Okawaru.
   636 | D:1      | Became a worshipper of Warmaster Okawaru
   694 | D:1      | Reached XP level 3. HP: 20/23 MP: 3/3
  1271 | D:2      | Reached skill level 4 in Armour
  1271 | D:2      | Reached XP level 4. HP: 25/28 MP: 4/4
  1791 | D:2      | Slain by a gnoll

Vault maps used:
D:1:      lemuel_arrival_funnel, hangedman_decor_clover_reticule,
          kennysheep_flooded_box
D:2:      first_bread, lightli_corner_chamber

Skill      XL: |  1  2  3 |
---------------+----------+-----
Maces & Flails | 3 |  3.5
Armour         | 4 |  4.2
Fighting       | |  3.9
Shields        | |  3.2

Action                   |  1- 3 |  4- 6 || total
-------------------------+-------+-------++-------
Melee: Flail             |   150 |    91 ||   241
  Eat: Chunk             |     1 |     2 ||     3
Armor: Scale mail        |    92 |    64 ||   156
Dodge: Dodged            |    71 |    35 ||   106
Block: Shield            |    91 |    59 ||   150
